 Dungeon Crawl Stone Soup version 0.23-a0-143-g1adec7b (webtiles) character file.

354 Amnesiac the Chiller (level 6, -4/41 HPs)
             Began as a Mummy Ice Elementalist on Sept 2, 2018.
             Blown up by Pikel (13 damage)
             ... with a wand of disintegration (3)
             ... on level 4 of the Dungeon.
             The game lasted 00:06:00 (3034 turns).

Amnesiac the Chiller (Mummy Ice Elementalist)       Turns: 3034, Time: 00:06:00

Health: -4/41      AC:  4    Str: 11    XL:     6   Next: 35%
Magic:  2/13       EV: 12    Int: 16    God:
Gold:   318        SH:  0    Dex: 16    Spells: 3/15 levels left

rFire    x . .     SeeInvis .   h - +7 mace of the Beast {pain, Dex+3}
rCold    + . .     Gourm    .   (no shield)
rNeg     + + +     Faith    .   a - +0 robe
rPois    ∞         Spirit   .   b - +0 helmet
rElec    .         Reflect  .   e - +0 cloak
rCorr    .         Harm     .   (no gloves)
MR       .....                  (no boots)
Stlth    ++........             (no amulet)
HPRegen  0.13/turn              (no ring)
MPRegen  0.13/turn              (no ring)

@: no status effects
A: no food or potions, fire vulnerability, cold resistance 1, negative energy
resistance 3, torment resistance, unbreathing
a: no special abilities


You were on level 4 of the Dungeon.
You were not hungry.

You visited 1 branch of the dungeon, and saw 4 of its levels.
You also visited: Ossuary.

You collected 318 gold pieces.

Inventory:

Hand Weapons
 h - the +7 mace of the Beast (weapon) {pain, Dex+3}
   (You found it on level 4 of the Dungeon)

   In the hands of one skilled in necromantic magic, it inflicts extra damage on
   living creatures.
   It affects your dexterity (+3).
Armour
 a - a +0 robe (worn)
 b - a +0 helmet (worn)
 e - a +0 cloak (worn)
Scrolls
 c - a scroll of magic mapping {!r, unknown}
 d - a scroll of fog {!r, unknown}
 f - a scroll of enchant armour {!r}
 g - a scroll of immolation {!r, unknown}
 i - a scroll of teleportation {!r, unknown}


   Skills:
 - Level 1.5 Dodging
 - Level 1.5 Stealth
 + Level 5.1 Spellcasting
 - Level 0.7 Conjurations
 * Level 5.1 Ice Magic


You had 3 spell levels left.
You knew the following spells:

 Your Spells              Type           Power        Failure   Level  Hunger
a - Freeze                Ice            ###.         1%          1    N/A
b - Summon Ice Beast      Ice/Summ       ##......     45%         4    N/A
c - Ozocubu's Armour      Chrm/Ice       ##......     16%         3    N/A
d - Throw Icicle          Conj/Ice       ##......     41%         4    N/A

Your spell library contained the following spells:

 Spells                   Type           Power        Failure   Level  Hunger
 Throw Frost              Conj/Ice       ##....       7%          2    N/A

Dungeon Overview and Level Annotations

Branches:
Dungeon (4/15)
 Temple: D:4-7

Altars:

Annotations:
D:4 Pikel


Innate Abilities, Weirdness & Mutations

You do not eat or drink.
Your flesh is vulnerable to fire.
You are immune to poison.
Your flesh is cold resistant. (rC+)
You are immune to negative energy. (rN+++)
You are immune to unholy pain and torment.
You can survive without breathing.


Message History

The slave hits you.
Casting: Freeze (safe; 1% risk of failure)
Confirm with . or Enter, or press ? or * to list all spells.
Aiming: Freeze (safe; 1% risk of failure)
Press: ? - help, Shift-Dir - straight line, f/p - slave
Aim: a slave, wearing an animal skin (moderately wounded)
You freeze the slave.
The slave is heavily wounded.
The slave misses you.
Casting: Freeze (safe; 1% risk of failure)
Confirm with . or Enter, or press ? or * to list all spells.
Aiming: Freeze (safe; 1% risk of failure)
Press: ? - help, Shift-Dir - straight line, f/p - slave
Aim: a slave, wearing an animal skin (heavily wounded)
You freeze the slave.
The slave is heavily wounded.
The slave closely misses you.
Casting: Freeze (safe; 1% risk of failure)
Confirm with . or Enter, or press ? or * to list all spells.
You don't have enough magic to cast that spell.
Casting: Freeze (safe; 1% risk of failure)
Confirm with . or Enter, or press ? or * to list all spells.
You don't have enough magic to cast that spell.
You swap places.
The slave hits your ice beast. The slave hits your ice beast!
Your ice beast freezes the slave.
The slave barely misses your ice beast.
The slave completely misses your ice beast.
The slave hits your ice beast.
A slave comes into view.
The slave closely misses your ice beast.
Something hits your ice beast. The slave hits you but does no damage.
You barely miss the slave. The slave hits you. The slave barely misses you.
You thump the slave!
The slave is moderately wounded.
Your ice beast freezes the slave.
The slave closely misses you.
You hit the slave but do no damage.
The slave is severely wounded.
The slave hits you!
You sock the slave!
The slave is almost dead.
The slave barely misses you.
Pikel zaps a wand.
Your ice beast struggles to resist.
It is a wand of disintegration (3).
Your ice beast freezes Pikel!
The slave hits you.
* * * LOW HITPOINT WARNING * * *
Pikel hits your ice beast but does no damage.
You completely miss the slave.
The slave is almost dead.
The slave hits you!
* * * LOW HITPOINT WARNING * * *
Pikel hits your ice beast with a whip of electrocution.
Lightning courses through your ice beast!
Your ice beast dies!
The slave shouts!
Casting: Freeze (safe; 1% risk of failure)
Confirm with . or Enter, or press ? or * to list all spells.
Aiming: Freeze (safe; 1% risk of failure)
Press: ? - help, Shift-Dir - straight line, f - slave, p - slave
Aim: a slave, wearing an animal skin (almost dead)
You freeze the slave.
You kill the slave!
That felt strangely unrewarding.
Pikel zaps a wand.
You are blasted!
You die...

.....# #...........#.#.# ######
...........#.#.# .... #
...........#.#.# ####$...
..###.#...####.#.# ........
...........# #.#.# ##.#.#.?
#.####..### ##.#.### ##...
.#######....#...####%%.....
..#...p.....#####.#.#.....<..###.
#......####.pK.[@.#........(.##..
.. #.p....p######[###.....##..#
## #####.#.#..>...........#..##
#...#......###>#.#.#.##
#...[..........###.#.#
##..##.#####...### #.#.#
#######...##......#.#..####.#.#
.##.....##.######.#.##...##.#.#
.......###.# #.#.####.##.#.#


You could see Pikel and 2 slaves.

Vanquished Creatures
  2 slaves (D:4)
  A water moccasin skeleton (D:4)
  A scorpion (D:4)
  A centaur zombie (Ossuary)
  A human zombie (Ossuary)
  A bullfrog skeleton (D:4)
  A worker ant (D:4)
  2 adders
  3 oozes
  A worm (D:3)
  2 leopard geckos
  A ball python (D:1)
  2 giant cockroaches
  3 gnoll zombies (Ossuary)
  5 hobgoblins
  3 jackals (D:1)
  A ball python skeleton (D:4)
  2 frilled lizards
  3 goblins
  A goblin zombie (Ossuary)
  4 hobgoblin zombies (Ossuary)
  2 kobolds (D:2)
  3 orc zombies (Ossuary)
  A quokka skeleton (D:4)
  2 quokka zombies (D:4)
  4 rats
53 creatures vanquished.

Vanquished Creatures (collateral kills)
  An elf zombie (Ossuary)
  2 mummies (Ossuary)
3 creatures vanquished.

Grand Total: 56 creatures vanquished

Notes
Turn   | Place    | Note
-------+----------+-------------------------------------------
     0 | D:1      | Amnesiac the Mummy Ice Elementalist began the quest for the
                  | Orb.
     0 | D:1      | Reached XP level 1. HP: 13/13 MP: 4/4
   383 | D:1      | Reached XP level 2. HP: 19/19 MP: 0/5
   985 | D:2      | Reached XP level 3. HP: 11/24 MP: 3/7
  1432 | D:4      | Noticed a scorpion
  1445 | D:4      | Reached XP level 4. HP: 23/30 MP: 1/9
  1463 | D:4      | Learned a level 4 spell: Throw Icicle
  1468 | D:4      | Learned a level 4 spell: Summon Ice Beast
  1552 | D:4      | Got a twisted mace
  1553 | D:4      | Identified the +7 mace of the Beast {pain, Dex+3} (You
                  | found it on level 4 of the Dungeon)
  1557 | D:4      | Found a sand-covered staircase.
  1575 | D:4      | Reached XP level 5. HP: 26/35 MP: 5/11
  1802 | D:4      | Noticed a slave
  1802 | D:4      | Noticed a slave
  1857 | Ossuary  | Entered an ossuary
  2207 | Ossuary  | Reached XP level 6. HP: 16/41 MP: 9/13
  2544 | Ossuary  | Reached skill level 5 in Spellcasting
  2544 | Ossuary  | Reached skill level 5 in Ice Magic
  2975 | D:4      | Noticed a slave
  2989 | D:4      | Killed a slave
  2994 | D:4      | Learned a level 3 spell: Ozocubu's Armour
  3011 | D:4      | Noticed Pikel
  3022 | D:4      | Noticed a slave
  3034 | D:4      | Killed a slave
  3034 | D:4      | Blown up by Pikel

Vault maps used:
D:1:      scummos_arrival_star
D:4:      enter_ossuary_4, serial_co_window_serial, co_window_paths_b,
          co_window_paths_a, co_window_paths_b, co_window_corner_a,
          co_window_paths_a, co_window_of_opportunity_a, co_window_paths_a,
          co_window_paths_b, co_window_paths_a, co_window_of_opportunity_c,
          co_window_broadway_c, co_window_broadway_c, co_window_paths_c,
          uniq_blork_the_orc, uniq_pikel
Ossuary:  minmay_ossuary_gauntlet

Skill      XL: |  1  2  3  4  5  6 |
---------------+-------------------+-----
Spellcasting   | 3 4 5 |  5.1
Ice Magic      | 3 4 5 |  5.1
Dodging        | |  1.5
Stealth        | |  1.5
Conjurations   | |  0.7

Action                   |  1- 3 |  4- 6 || total
-------------------------+-------+-------++-------
Melee: Unarmed           |    12 |       ||    12
       Mace              |       |    88 ||    88
 Cast: Freeze            |    66 |    29 ||    95
       Summon Ice Beast  |       |     4 ||     4
  Use: Scroll            |       |     1 ||     1
 Stab: Sleeping          |       |     1 ||     1
Armor: Robe              |    12 |    16 ||    28
Dodge: Dodged            |    49 |    65 ||   114

Table legend:
 A = Non-vault XP
 B = Vault XP
 C = Vault XP percentage of total XP
 D = Non-vault monster count
 E = Vault monster count
 F = Vault count percentage of total count
                 A         B        C        D         E       F
            +---------+---------+-------+---------+---------+-------
      Total |     311 |     196 |  38.7 |      36 |      18 |  33.3
            +---------+---------+-------+---------+---------+-------
        D:1 |      35 |       0 |   0.0 |      15 |       0 |   0.0
        D:2 |      27 |       0 |   0.0 |       9 |       0 |   0.0
        D:3 |       6 |       0 |   0.0 |       2 |       0 |   0.0
        D:4 |     243 |       2 |   0.8 |      10 |       2 |  16.7
    Ossuary |       0 |     194 | 100.0 |       0 |      16 | 100.0
            +---------+---------+-------+---------+---------+-------
